 Dungeon Crawl Stone Soup version 0.30-a0-310-g7d6cbdfea6 (webtiles) character file.

Game seed: 5354047399887304599

133 hikkokomori the Trooper (level 4, -2/57 HPs)
             Began as a Demigod Fighter on Oct 25, 2022.
             Slain by an orc
             ... wielding a +0 trident
              (6 damage)
             ... on level 3 of the Dungeon.
             The game lasted 00:02:15 (1952 turns).

hikkokomori the Trooper (Demigod Fighter)           Turns: 1952, Time: 00:02:15

Health: -2/57      AC: 22    Str: 21    XL:     4   Next: 63%
Magic:  6/6        EV:  2    Int: 10    God:
Gold:   100        SH:  5    Dex: 13    Spells: 3/3 levels left

rFire   . . .      SeeInvis .    a - +0 flail
rCold   . . .      Faith    .    c - +0 buckler
rNeg    . . .      Spirit   .    (body armour currently unavailable)
rPois   +          Reflect  .    (helmet currently unavailable)
rElec   .          Harm     .    (cloak currently unavailable)
rCorr   .          Rampage  .    (gloves currently unavailable)
Will    .....      NoTele   +    (boots currently unavailable)
Stlth   +.........               (no amulet)
HPRegen 0.29/turn                (no ring)
MPRegen 0.10/turn                (no ring)

@: tree-form
A: stationary, stasis, torment immunity, boosted hp, high MP 1, forlorn, divine
attributes
a: no special abilities


You were on level 3 of the Dungeon.
You were a tree.
You visited 1 branch of the dungeon, and saw 3 of its levels.

You collected 100 gold pieces.

Inventory:

Hand Weapons
 a - a +0 flail (weapon)
Armour
 b - a +0 scale mail (melded)
 c - a +0 buckler (worn)
Magical Staves
 k - a staff of conjuration
Jewellery
 q - an amulet of magic regeneration
Scrolls
 e - 2 scrolls of fear {unknown}
 g - a scroll of enchant weapon {unknown}
 h - a scroll of enchant armour {unknown}
 j - a scroll of identify {unknown}
 l - a scroll of vulnerability {unknown}
 m - 2 scrolls of teleportation {unknown}
 o - a scroll of noise {unknown}
 p - a scroll of blinking {unknown}
 u - a scroll of amnesia {unknown}
Potions
 d - 2 potions of might
 f - a potion of flight {unknown}
 i - 3 potions of lignification
 n - 2 potions of attraction {unknown}
 r - a potion of resistance {unknown}
 s - a potion of haste {unknown}
 t - a potion of curing {unknown}
 v - a potion of degeneration {unknown}


   Skills:
 + Level 3.4 Fighting
 + Level 2.7 Maces & Flails
 + Level 3.4 Armour
 + Level 3.4 Shields


You had 3 spell levels left.
You didn't know any spells.
Your spell library contained the following spells:

 Spells                   Type           Power      Damage    Failure   Level
 Passwall                 Tmut/Erth      0%         N/A       58%         2
 Stone Arrow              Conj/Erth      0%         3d7       83%         3
 Summon Mana Viper        Hex/Summ       0%         N/A       100%        5


Dungeon Overview and Level Annotations

Branches:
Dungeon (3/15)


Innate Abilities, Weirdness & Mutations

You are a tree.
Your roots penetrate the ground, keeping you stationary.
You cannot be teleported.
You are immune to unholy pain and torment.
Your maximum health is greatly increased.
Your equipment is partially melded.
You have an increased reservoir of magic. (+10% MP)
You shall have no god before yourself.
Your divine heritage dramatically boosts your attributes as you level up.


Message History

You sock the orc wizard!
You kill the orc wizard!
The orc barely misses you. The orc barely misses you.
The orc hits you with a +0 trident!
Things that are here:
a +0 dagger; a +0 robe; an orc corpse You hit the orc.
The orc is heavily wounded.
The orc hits you but does no damage. x2
You barely miss the orc.
The orc is heavily wounded.
The orc hits you with a +0 club. The orc closely misses you.
You hit the orc but do no damage.
The orc is heavily wounded.
The orc closely misses you. The orc hits you with a +0 trident!
You block the orc's attack. The orc hits you with a +0 club.
Unknown command.
You are too injured to fight recklessly!
You are too injured to fight recklessly!
You are too injured to fight recklessly!
You hit the orc.
The orc is severely wounded.
The orc hits you with a +0 trident.
* * * LOW HITPOINT WARNING * * *
The orc hits you with a +0 club.
* * * LOW HITPOINT WARNING * * *
Unknown command.
You are too injured to fight recklessly!
You are too injured to fight recklessly!
Unknown command.
You are too injured to fight recklessly!
Unknown command.
It was a potion of lignification.
You turn into a tree.
Your +0 scale mail melds into your body.
Your roots penetrate the ground.
The orc hits you but does no damage. x2
You closely miss the orc.
The orc is severely wounded.
You block the orc's attack. The orc hits you but does no damage.
The orc hits you with a +0 trident.
You die...

............. .... .............
# #### ##.#.#....#.. .## ##.#.#
#.#.# ..# # ...#.# #.#.# #.# #
...#.####.#.# #.# ######
#.##......#.###.# #.....
#†###.###.......### #.....
#..##[.##...###.♣o### #.....
##'###+###'####.#o..# #.....
..#.......#..##.###.# #...##
..#.......#..#..## .. #.....
..'###+###†..+...# #.. .......
..#.+...+†#..#...# ..##......
..#.#...#.#..#...#### .##..#...
##'.#._.#.'##'...............#...
..#.#...#.#..#............#..#.##


You could see 2 orcs.

Vanquished Creatures
  An iguana (D:3)
  Jessica (D:3)
  An orc wizard (D:3)
  A worm (D:2)
  2 dart slugs
  An endoplasm (D:1)
  3 giant cockroaches
  3 goblins (D:1)
  4 hobgoblins
  10 jackals (D:3)
  A kobold (D:2)
  A quokka (D:3)
  3 ball pythons
  6 bats
  2 frilled lizards (D:1)
  4 rats
44 creatures vanquished.

Notes
Turn   | Place    | Note
-------+----------+-------------------------------------------
     0 | D:1      | hikkokomori the Demigod Fighter began the quest for the
                  | Orb.
     0 | D:1      | Reached XP level 1. HP: 18/18 MP: 3/3
   335 | D:1      | Reached XP level 2. HP: 25/25 MP: 4/4
  1315 | D:2      | Reached XP level 3. HP: 31/31 MP: 5/5
  1733 | D:3      | Noticed Jessica
  1736 | D:3      | Killed Jessica
  1810 | D:3      | Got the Opusculum on the Captivating Lithosphere
  1848 | D:3      | Reached XP level 4. HP: 27/38 MP: 6/6
  1952 | D:3      | Slain by an orc

Illustrated notes

Levels and vault maps discovered:
D:1:      lemuel_arrival_muddy, layout_basic
D:2:      layout_basic, dk_noncrumbling_2
D:3:      layout_basic, mainiacjoe_overflow_24_doors, xom_teletrap_fun,
          shapermc_ecumenical_altar_gd, uniq_jessica

Skill      XL: |  1  2 |
---------------+-------+-----
Maces & Flails | 2 |  2.7
Armour         | 3 |  3.4
Shields        | 3 |  3.4
Fighting       | 3 |  3.4

Action                   |  1- 3 |  4- 6 || total
-------------------------+-------+-------++-------
Melee: Flail             |   131 |    17 ||   148
  Use: Potion            |       |     1 ||     1
Armor: Scale mail        |    66 |    10 ||    76
       Skin              |       |     3 ||     3
Dodge: Dodged            |    66 |    11 ||    77
Block: Buckler           |    34 |     5 ||    39

Table legend: (Time is in decaauts)
 A = Elapsed time spent in this place.
 B = Non-inter-level travel time spent in this place.
 C = Inter-level travel time spent in this place.
 D = Time resting spent in this place.
 E = Time spent auto-exploring this place.
 F = Levels seen in this place.
 G = Mean time per level.
                   A        B        C        D        E       F      G
               +--------+--------+--------+--------+--------+-----+--------+
         Total |   2001 |   1929 |     72 |      0 |   1560 |   3 |  667.0 |
       Dungeon |   2001 |   1929 |     72 |      0 |   1560 |   3 |  667.0 |
               +--------+--------+--------+--------+--------+-----+--------+

Top non-repeatable levels by time:
     D:2: 900 daAuts
     D:3: 560 daAuts
     D:1: 540 daAuts
